 Dungeon Crawl Stone Soup version 0.13-a0-3104-gb5885e9 (webtiles) character file.

363 Malachi the Skirmisher (level 5, -9/40 HPs)
             Began as a Mummy Chaos Knight on Sept 19, 2013.
             Was a Plaything of Xom.
             Mangled by a wolf spider simulacrum (14 damage)
             ... summoned by Xom
             ... on Level 2 of the Dungeon.
             The game lasted 00:06:51 (16482 turns).

Malachi the Skirmisher (Mummy Chaos Knight)        Turns: 16482, Time: 00:06:51

HP  -9/40        AC  6     Str 16      XL: 5   Next: 89%
MP   5/5         EV 11     Int 11      God: Xom
Gold 111         SH  0     Dex 11      Spells:  0 memorised,  4 levels left

Res.Fire  : x . .   See Invis. : .   a - +0,+1 spear (chaos) {=f}
Res.Cold  : + . .   Warding    : .   b - +2 leather armour
Life Prot.: + + +   Conserve   : .   (no shield)
Res.Poison: +       Res.Corr.  : .   (no helmet)
Res.Elec. : .       Clarity    : .   (no cloak)
Sust.Abil.: . .     Spirit.Shd : .   e - +0 pair of gloves (curse)
Res.Mut.  : .       Stasis     : .   (no boots)
Res.Rott. : +       Flight     : .   (no amulet)
Saprovore : . . .                    (no ring)
                                     c - ring of teleport control

@: slightly resistant to hostile enchantments, unstealthy
A: no food or potions, fire vulnerability, restore body, cold resistance 1, life
protection 3, poison resistance, torment resistance, unbreathing
a: Renounce Religion, Evoke Teleport Control


You were on level 2 of the Dungeon.
You worshipped Xom.
You were a very special plaything of Xom.
You were not hungry.

You visited 1 branch of the dungeon, and saw 2 of its levels.

You collected 91 gold pieces.

Inventory:

Hand weapons
 a - a +0,+1 spear of chaos (weapon) {=f}
Missiles
 f - 7 needles of slowing
Armour
 b - a +2 leather armour (worn)
 e - a cursed +0 pair of gloves (worn)
Magical devices
 g - a wand of magic darts (13)
 i - a wand of heal wounds (4)
Scrolls
 h - a scroll of amnesia {unknown}
Jewellery
 c - a ring of teleport control (left hand)
Miscellaneous
 d - a stone of tremors


   Skills:
 + Level 3.8 Fighting
 + Level 3.0 Polearms
 + Level 3.0 Armour
 + Level 2.3 Dodging
 + Level 1.9 Stealth
 + Level 0.1 Evocations


You had 4 spell levels left.
You didn't know any spells.

Dungeon Overview and Level Annotations

Branches:
Dungeon (2/27)

Altars:
Xom
Yredelemnul
the Shining One

Annotations:
D:2 exclusion: door


Innate Abilities, Weirdness & Mutations

You do not eat or drink.
Your flesh is vulnerable to fire.
Your flesh is cold resistant.
You are immune to negative energy.
Your system is resistant to poisons.
You are immune to unholy pain and torment.
You can survive without breathing.


Message History

A hound comes into view.
You hear Xom's maniacal laughter.
There are monsters nearby!
There are monsters nearby!
There are monsters nearby!
The bat hits you but does no damage. The bat hits you but does no damage.
The goblin hits you with a club. The bat closely misses you.
The ogre misses you.
You see here a dart.
The bat barely misses you. The hound closely misses you.
The ogre hits you with a giant club. The goblin hits you but does no damage.
The hound gazes forward, looking utterly alone.
The wolf spider simulacrum bites you! The wolf spider simulacrum freezes you!
You resist.
Xom is mildly amused.
The wolf spider simulacrum hits you!
* * * LOW HITPOINT WARNING * * *
Xom is amused.
The wolf spider simulacrum freezes you! You resist.
You die...

########+##########......#
#............######'######
#.......))...+.#.........##
#...(....(..)#.#.......).'.
#.......)(.).#.#.........##
#............#.#.........#
##.....)..(...#.#..>......#
##........g...#.+.........#
##.......bO@..###.........#
##........zh..###.........#
##..........).#############
####################
####################
###################
#################
###############
############


You could see an ogre, a hound, a wolf spider simulacrum, a goblin and a bat.

Vanquished Creatures
  An ice beast (D:2)
  Jessica (D:2)
  8 adders (D:2)
  A shadow imp (D:2)
  2 worms (D:2)
  An ufetubus (D:2)
  2 giant geckos
  2 oozes
  An orc (D:2)
  5 bats
  9 hobgoblins
  3 jackals (D:1)
  7 kobolds
  A ball python (D:1)
  2 giant cockroaches
  3 giant newts
  11 goblins
  7 rats
67 creatures vanquished.

Notes
Turn   | Place    | Note
--------------------------------------------------------------
     0 | D:1      | Malachi, the Mummy Chaos Knight, began the quest for the Orb.
     0 | D:1      | Reached XP level 1. HP: 16/16 MP: 1/1
   173 | D:1      | XOM: divination: detect items
   415 | D:1      | Reached XP level 2. HP: 15/22 MP: 2/2
   450 | D:1      | XOM: scenery: create altars
   877 | D:1      | XOM: colour smoke trail
  1175 | D:1      | XOM: harmless Erth miscast
  1265 | D:1      | XOM: god gift: worn bronze wand {god gift}
  1395 | D:1      | XOM: vitrification
  1738 | D:1      | Reached skill level 1 in Dodging
  1930 | D:1      | XOM: vitrification
  3214 | D:1      | XOM: god gift: stone of tremors
  3508 | D:1      | XOM: god gift: meat ration
  3638 | D:1      | XOM: polymorph giant cockroach -> kobold
  4000 | D:1      | Reached XP level 3. HP: 25/28 MP: 3/3
  4229 | D:1      | XOM: god gift: 7 needles of slowing
  4421 | D:1      | XOM: god gift: encrusted copper wand {god gift}
  4934 | D:1      | XOM: harmless Ice miscast
  5064 | D:1      | XOM: colour smoke trail
  5143 | D:1      | XOM is BORED!
  5143 | D:1      | XOM: mild Ice miscast
  5321 | D:1      | XOM: summons 1 hostile demon
  5322 | D:1      | Noticed a hellwing
  5370 | D:2      | XOM: colour smoke trail
  5617 | D:2      | Found a basalt altar of Yredelemnul.
  5618 | D:2      | Noticed a profane servitor
  5621 | D:2      | Noticed Jessica
  5625 | D:2      | Killed Jessica
  5648 | D:2      | XOM: 5-stop teleportation journey
  5659 | D:2      | Reached XP level 4. HP: 27/34 MP: 4/4
  5795 | D:2      | XOM: harmless Trmt miscast
  5830 | D:2      | Found a glowing golden altar of the Shining One.
  5834 | D:2      | Reached skill level 1 in Stealth
  5850 | D:2      | Noticed an angel
  6008 | D:2      | XOM: harmless Hex miscast
  6033 | D:2      | XOM: mild Trmt miscast
  6287 | D:2      | XOM: medium Hex miscast
  6364 | D:2      | XOM: silly message
  6518 | D:2      | XOM: enchant monster (bad)
  6543 | D:2      | XOM: harmless Ice miscast
  6685 | D:2      | XOM: cast spell 'Metabolic Englaciation'
  6842 | D:2      | Reached XP level 5. HP: 40/40 MP: 5/5
  7176 | D:2      | XOM: harmless Necr miscast
  7298 | D:2      | XOM: divination: detect creatures
  7693 | D:2      | XOM: scenery: 3 doors close
  8968 | D:2      | XOM: harmless Pois miscast
  9272 | D:2      | XOM: harmless Divn miscast
  9344 | D:2      | XOM is BORED!
  9344 | D:2      | XOM: noise
  9519 | D:2      | XOM: scenery: 3 doors open
  9885 | D:2      | XOM is BORED!
  9885 | D:2      | XOM: medium Tloc miscast
  9886 | D:2      | Noticed a spatial vortex
  9886 | D:2      | Noticed a spatial vortex
  9966 | D:2      | XOM: harmless Erth miscast
 10062 | D:2      | XOM: harmless Chrm miscast
 10141 | D:2      | XOM: divination: detect creatures
 10839 | D:2      | XOM: silly message
 10914 | D:2      | XOM: medium Pois miscast
 11310 | D:2      | XOM: harmless Chrm miscast
 11965 | D:2      | XOM: scenery: 2 doors close
 11988 | D:2      | XOM: scenery: 2 doors open
 12057 | D:2      | XOM: colour smoke trail
 12753 | D:2      | XOM: colour smoke trail
 13075 | D:2      | XOM: silly message
 13172 | D:2      | XOM is BORED!
 13172 | D:2      | XOM: mild Conj miscast
 13325 | D:2      | XOM: vitrification
 13585 | D:2      | XOM: vitrification
 14056 | D:2      | XOM is BORED!
 14056 | D:2      | XOM: mild Pois miscast
 14537 | D:2      | Noticed an ice beast
 14545 | D:2      | Killed an ice beast
 14737 | D:2      | XOM: god gift: 17 gold pieces
 14794 | D:2      | XOM: scenery: 3 doors close
 14962 | D:2      | XOM: noise
 14963 | D:2      | XOM: harmless Conj miscast
 15231 | D:2      | XOM: harmless Fire miscast
 15304 | D:2      | XOM: divination: detect creatures
 15386 | D:2      | XOM: divination: detect creatures
 15469 | D:2      | XOM: colour smoke trail
 15798 | D:2      | XOM: summons 2 hostile demons
 15875 | D:2      | XOM: mild Chrm miscast
 16117 | D:2      | XOM: colour smoke trail
 16171 | D:2      | XOM: medium Chrm miscast
 16477 | D:2      | XOM: summons 5 hostile shadow creatures
 16478 | D:2      | Noticed a wolf spider simulacrum
 16478 | D:2      | Noticed an ogre
 16482 | D:2      | Mangled by a wolf spider simulacrum

Action                   |  1- 3 |  4- 6 || total
-------------------------+-------+-------++-------
Melee: Spear             |   114 |   175 ||   289
Evoke: Wand              |     2 |     1 ||     3
  Use: Scroll            |     5 |       ||     5
 Stab: Distracted        |       |     1 ||     1
       Confused          |       |     1 ||     1
